 Dungeon Crawl Stone Soup version 0.21.1-1-g345015fe64 (webtiles) character file.

324 Artool the Skirmisher (level 6, -1/47 HPs)
             Began as a Demonspawn Skald on June 28, 2018.
             Killed by divine providence
             ... invoked by an orc priest
              (12 damage)
             ... on level 3 of the Dungeon.
             The game lasted 00:12:17 (3489 turns).

Artool the Skirmisher (Demonspawn Skald)            Turns: 3489, Time: 00:12:18

Health: -1/47      AC:  8    Str: 11    XL:     6   Next: 23%
Magic:  5/10       EV:  9    Int: 14    God:
Gold:   65         SH:  0    Dex: 15    Spells: 9/10 levels left

rFire    . . .     SeeInvis .   n - +0 whip
rCold    + . .     Gourm    .   (no shield)
rNeg     . . .     Faith    .   g - +0 scale mail (curse)
rPois    .         Spirit   .   (helmet restricted)
rElec    .         Reflect  .   (no cloak)
rCorr    .         Harm     .   (no gloves)
MR       .....                  (no boots)
Stlth    ..........             (no amulet)
HPRegen  0.15/turn              (no ring)
MPRegen  0.12/turn              (no ring)

@: no status effects
A: antennae 1, icy blue scales 1, cold resistance 1
a: no special abilities


You were on level 3 of the Dungeon.
You were hungry.

You visited 1 branch of the dungeon, and saw 3 of its levels.

You collected 65 gold pieces.

Inventory:

Hand Weapons
 a - a +0 mace
 n - a +0 whip (weapon)
 o - a +0 scythe of flaming
Armour
 b - a +0 leather armour
 g - a cursed +0 scale mail (worn)
Jewellery
 e - an uncursed amulet of rage {unknown}
Wands
 p - a wand of random effects (12)
Scrolls
 f - 3 scrolls of enchant armour {unknown}
 i - 2 scrolls of identify {unknown}
 j - a scroll of amnesia {unknown}
 l - 2 scrolls of enchant weapon {unknown}
Potions
 h - 2 potions of magic {unknown}
 k - a potion of heal wounds {unknown}
Books
 c - a book of Battle

   Spells                             Type                      Level
   a - Infusion                       Charms                       1
   b - Shroud of Golubria             Charms/Translocation         2
   c - Song of Slaying                Charms                       2
   d - Spectral Weapon                Hexes/Charms                 3
   e - Regeneration                   Charms/Necromancy            3
Comestibles
 d - 8 rations
 m - a chunk of flesh


   Skills:
 * Level 3.5 Fighting
 * Level 3.3 Maces & Flails
 * Level 3.0 Armour
 - Level 1.7 Dodging
 + Level 2.8 Spellcasting
 + Level 3.3 Charms


You had 9 spell levels left.
You knew the following spells:

 Your Spells              Type           Power        Failure   Level  Hunger
a - Infusion              Chrm           ##..         30%         1    #......


Dungeon Overview and Level Annotations

Branches:
Dungeon (3/15)

Altars:

Annotations:
D:3 Thargor's ghost, amateur FoFi


Innate Abilities, Weirdness & Mutations

You have a pair of small antennae on your head.
You are partially covered in icy blue scales. (AC +2)
Your flesh is cold resistant. (rC+)


Message History

The orc priest is heavily wounded.
The orc priest hits you but does no damage.
You hit the orc priest but do no damage.
The orc priest is heavily wounded.
The orc priest hits you.
* * * LOW HITPOINT WARNING * * *
You barely miss the orc priest.
The orc priest is heavily wounded.
The orc priest hits you but does no damage.
You hit the orc priest.
The orc priest is almost dead.
The orc priest hits you but does no damage.
You hit the orc priest but do no damage.
The orc priest is almost dead.
The orc priest hits you but does no damage.
You hit the orc priest but do no damage.
The orc priest is almost dead.
The orc priest calls down the wrath of Beogh upon you.
Beogh smites you!
You die...

### ..# #.# #.# . #.# ...
#.#
.....############.#######
.......oo@...............
.....##.#########.#######
... #.. #........ # #.##
#.####### ..# #<.......
..# #.####### .... ...
#..# ##.## #.#


You could see an orc priest and an orc.

Vanquished Creatures
  Sigmund (D:3)
  An orc priest (D:3)
  4 gnolls (D:2)
  2 adders
  A worm (D:2)
  3 dart slugs
  2 leopard geckos
  2 orcs (D:3)
  3 bats (D:2)
  4 giant cockroaches
  5 goblins
  12 hobgoblins
  10 jackals
  5 kobolds (D:1)
  A frilled lizard (D:1)
  2 rats
58 creatures vanquished.

Notes
Turn   | Place    | Note
-------+----------+-------------------------------------------
     0 | D:1      | Artool the Demonspawn Skald began the quest for the Orb.
     0 | D:1      | Reached XP level 1. HP: 16/16 MP: 3/3
    10 | D:1      | Reached skill level 1 in Armour
   610 | D:1      | Gained mutation: Your flesh is cold resistant. (rC+) [demonic ancestry]
   610 | D:1      | Reached XP level 2. HP: 22/22 MP: 5/5
  1144 | D:1      | Gained mutation: You are partially covered in icy blue scales. (AC +2) [demonic ancestry]
  1144 | D:1      | Reached XP level 3. HP: 28/28 MP: 6/6
  2022 | D:2      | Gained mutation: You have a pair of small antennae on your head. [demonic ancestry]
  2022 | D:2      | Reached XP level 4. HP: 14/34 MP: 5/7
  3162 | D:3      | Noticed Thargor's ghost (amateur FoFi)
  3304 | D:3      | Noticed Sigmund
  3341 | D:3      | Killed Sigmund
  3341 | D:3      | Reached XP level 5. HP: 34/41 MP: 1/9
  3341 | D:3      | Reached XP level 6. HP: 39/47 MP: 1/10
  3489 | D:3      | Killed from afar by an orc priest

Skill      XL: |  1  2  3  4  5  6 |
---------------+-------------------+-----
Armour         | 1 2 3 |  3.0
Maces & Flails | 2 3 |  3.3
Charms         | 3 |  3.3
Fighting       | 3 |  3.5
Dodging        | |  1.7
Spellcasting   | |  2.8

Action                   |  1- 3 |  4- 6 || total
-------------------------+-------+-------++-------
Melee: Mace              |   124 |       ||   124
       Whip              |       |   148 ||   148
 Cast: Infusion          |     3 |     5 ||     8
  Eat: Chunk             |     4 |     4 ||     8
Armor: Scale mail        |    50 |    64 ||   114
       Leather armour    |     1 |       ||     1
Dodge: Dodged            |    88 |    55 ||   143
